 Dungeon Crawl Stone Soup version 0.22-a0-614-g34fbaa0 (webtiles) character file.

93 EloyTheNewbi the Skirmisher (level 4, -6/38 HPs)
             Began as a Centaur Chaos Knight on July 12, 2018.
             Mangled by a centaur (8 damage)
             ... on level 2 of the Dungeon.
             The game lasted 00:11:52 (1484 turns).

EloyTheNewbi the Skirmisher (Centaur Chaos Knight)  Turns: 1484, Time: 00:11:54

Health: -6/38      AC: 14    Str: 15    XL:     4   Next: 37%
Magic:  4/4        EV:  7    Int: 16    God:    Xom [..*...]
Gold:   71         SH:  0    Dex:  9    Spells: 3/3 levels left

rFire    . . .     SeeInvis .   j - +0 hunting sling
rCold    . . .     Gourm    .   (no shield)
rNeg     . . .     Faith    .   b - +3 leather armour
rPois    .         Spirit   .   (no helmet)
rElec    .         Reflect  .   (no cloak)
rCorr    .         Harm     .   (no gloves)
MR       .....                  i - +2 centaur barding
Stlth    ..........             (no amulet)
HPRegen  0.12/turn              (no ring)
MPRegen  0.09/turn              (no ring)

@: brilliant, very quick
A: large, hooves 3, deformed body, speed 2, tough skin 3
a: Renounce Religion


You were on level 2 of the Dungeon.
You worshipped Xom.
You were a toy of Xom.
You were not hungry.

You visited 1 branch of the dungeon, and saw 3 of its levels.

You collected 71 gold pieces.

Inventory:

Hand Weapons
 a - a +0 spear of chaos
 j - a +0 hunting sling (weapon)
Missiles
 h - 35 poisoned needles
 k - 84 stones (quivered)
 n - 5 sling bullets
 p - 19 arrows
Armour
 b - a +3 leather armour (worn)
 i - a +2 centaur barding (worn)
Scrolls
 f - a scroll of immolation {unknown}
 o - a scroll of enchant weapon {unknown}
Potions
 d - a potion of agility
 e - a potion of degeneration {unknown}
 l - a potion of invisibility {unknown}
 m - 2 potions of heal wounds {unknown}
Comestibles
 c - 8 rations
 g - 2 chunks of flesh


   Skills:
 + Level 3.3 Fighting
 + Level 3.1 Polearms
 * Level 2.6(2.8) Slings
 * Level 1.4(2.2) Throwing
 + Level 1.6 Armour
 + Level 1.0 Dodging


You had 3 spell levels left.
You didn't know any spells.
Your spell library was empty.

Dungeon Overview and Level Annotations

Branches:
Dungeon (3/15)

Altars:


Innate Abilities, Weirdness & Mutations

You have hooves in place of feet.
Armour fits poorly on your strangely shaped body.
You cover ground very quickly.
You have extremely tough skin. (AC +3)


Message History

You clumsily bash the centaur but do no damage.
The centaur is moderately wounded.
The centaur hits you but does no damage.
The centaur hits you.
* * * LOW HITPOINT WARNING * * *
You clumsily bash the centaur but do no damage.
The centaur is moderately wounded.
The centaur barely misses you. The centaur hits you.
* * * LOW HITPOINT WARNING * * *
You barely miss the centaur. You kick the centaur.
The centaur is heavily wounded.
The centaur hits you but does no damage.
The centaur barely misses you.
You barely miss the centaur. You kick the centaur.
The centaur is severely wounded.
The centaur hits you.
* * * LOW HITPOINT WARNING * * *
The centaur hits you!
You die...
Xom chuckles heartily!

#.....#
#.####.รท....###..
#.[..## #.#
##...#.[###.
#...##
#.#####.###...##.
#..(#
#.........#..).#.
#..(#
#..>(............
#...#
##(...(....#......
##c##
#..##..######..##.
##.# #c###..#
#..##. #..#
#@###..## ##....
#.## #(##....#
#..## #.#
#.##.##.######..##
##(#
#.##c##......... .
#..#
###........###...
. ##.##
##...#####.####.#
. #...###..###
##......#
#...#.c.##
##.......##
#.....###
#.........#


You could see a centaur.

Vanquished Creatures
  3 adders (D:2)
  A worm (D:2)
  2 dart slugs (D:1)
  3 leopard geckos
  2 giant cockroaches (D:2)
  5 goblins
  6 hobgoblins
  9 jackals (D:1)
  9 bats
  4 frilled lizards
  7 kobolds
  4 rats
55 creatures vanquished.

Notes
Turn   | Place    | Note
-------+----------+-------------------------------------------
     0 | D:1      | EloyTheNewbi the Centaur Chaos Knight began the quest for the Orb.
     0 | D:1      | Reached XP level 1. HP: 19/19 MP: 1/1
    65 | D:1      | XOM: potion effect (brilliance)
    88 | D:1      | Reached XP level 2. HP: 15/26 MP: 2/2
   523 | D:1      | Reached XP level 3. HP: 31/31 MP: 3/3
   550 | D:1      | Reached skill level 1 in Dodging
   799 | D:1      | Reached skill level 1 in Throwing
   862 | D:1      | XOM: cloud trail
   900 | D:2      | Reached skill level 1 in Slings
  1175 | D:2      | Reached XP level 4. HP: 38/38 MP: 4/4
  1314 | D:2      | XOM: silly message
  1348 | D:2      | XOM: harmless Tmut miscast
  1416 | D:2      | Noticed a centaur
  1417 | D:2      | XOM: potion effect (brilliance)
  1478 | D:2      | Xom revived you
  1484 | D:2      | Mangled by a centaur

Vault maps used:
D:1:      tarquinn_simple_flora_water_d
D:3:      kennysheep_big_flooded_room, cheibrodos_ashenzari_chains,
          portal_sewer_entry_b, chequers_ecumenical_altar_lobes, feat_on_display

Skill      XL: |  1  2  3 |
---------------+----------+-----
Polearms       | 3 |  3.1
Dodging        | 1 |  1.0
Throwing       | 1 |  1.4
Slings         | 2 |  2.6
Fighting       | |  3.3
Armour         | |  1.6

Action                   |  1- 3 |  4- 6 || total
-------------------------+-------+-------++-------
Melee: Spear             |    39 |       ||    39
       Kick              |     5 |     3 ||     8
       Hunting sling     |     8 |     5 ||    13
 Fire: Hunting sling     |   143 |    76 ||   219
  Use: Scroll            |     3 |     1 ||     4
 Stab: Confused          |     1 |       ||     1
  Eat: Chunk             |       |     1 ||     1
Armor: Leather armour    |   102 |    42 ||   144
Dodge: Dodged            |    90 |    32 ||   122

Table legend:
 A = Spawn XP
 B = Non-spawn XP
 C = Spawn XP percentage of total XP
 D = Spawn monster count
 E = Non-spawn monster count
 F = Spawn count percentage of total count
 G = Total turns spent on level
                    A         B        C        D         E        F      G
               +---------+---------+-------+---------+---------+-------+---------
         Total |       0 |     134 |   0.0 |       0 |      55 |   0.0 |  1484
               +---------+---------+-------+---------+---------+-------+---------
           D:1 |       0 |      52 |   0.0 |       0 |      27 |   0.0 |   876
           D:2 |       0 |      82 |   0.0 |       0 |      28 |   0.0 |   603
               +---------+---------+-------+---------+---------+-------+---------
